 Dungeon Crawl Stone Soup version 0.30-a0-738-g116ff8c4af (webtiles) character file.

Game seed: 6775336408254724456

9727 KleinerIrrer the Gouger (level 11, -11/54 HPs)
             Began as a Felid Monk on Feb 3, 2023.
             Was the Champion of Okawaru.
             Mangled by a culicivora (18 damage)
             ... on level 3 of the Lair of Beasts.
             The game lasted 00:34:59 (14848 turns).

KleinerIrrer the Gouger (Felid Monk)               Turns: 14848, Time: 00:34:59

Health: -11/54     AC:  8    Str:  6    XL:     11   Next: 26%
Magic:  17/17      EV: 28    Int: 15    God:    Okawaru [******]
Gold:   1064       SH:  0    Dex: 23    Spells: 10/10 levels left
                                        Lives:  0   Deaths: 3

rFire   . . .      SeeInvis +      - Unarmed
rCold   . . .      Faith    .    (shield unavailable)
rNeg    + . .      Spirit   .    (body armour unavailable)
rPois   +          Reflect  .    (helmet unavailable)
rElec   .          Harm     .    (cloak unavailable)
rCorr   .          Rampage  .    (gloves unavailable)
Will    ++...                    (boots unavailable)
Stlth   +++                      d - macabre finger necklace {Finger+ rN+}
HPRegen 0.29/turn                f - +4 ring of protection
MPRegen 0.15/turn                x - +4 ring of slaying
                                 v - ring of poison resistance

@: quick
A: very small, claws 1, fangs 3, see invisible, speed 1, shaggy fur 2, stealthy
paws, no weapons or thrown items, no armour, multi-lived, iridescent scales 1,
clever 1, strong-willed 1, subdued magic 1
a: Renounce Religion, Heroism, Finesse, Duel


You were on level 3 of the Lair of Beasts.
You worshipped Okawaru.
Okawaru was exalted by your worship.
You visited 3 branches of the dungeon, and saw 13 of its levels.
You also visited: Sewer and Bailey.

You collected 1155 gold pieces.
You spent 91 gold pieces at shops.

Inventory:

Jewellery
 d - the macabre finger necklace (around neck) {Finger+ rN+}
   (You found it on level 8 of the Dungeon)

   [amulet of nothing]

   Finger+:   It enables you to equip an extra ring.
   rN:        It protects you from negative energy.
 e - an amulet of guardian spirit
 f - a +4 ring of protection (left paw)
 r - a ring of wizardry
 t - a ring of willpower
 v - a ring of poison resistance (on amulet)
 x - a +4 ring of slaying (right paw)
 z - a ring of wizardry
 D - a +6 ring of intelligence
 J - a ring of protection from cold
Wands
 a - a wand of flame (23)
 u - a wand of quicksilver (13)
 w - a wand of iceblast (9)
 H - a wand of polymorph (4)
Scrolls
 b - 3 scrolls of magic mapping
 c - 6 scrolls of teleportation
 h - a scroll of blinking
 i - a scroll of torment {unknown}
 j - 2 scrolls of immolation
 n - 4 scrolls of vulnerability
 p - 3 scrolls of poison
 y - 3 scrolls of amnesia
 F - a scroll of fog
Potions
 g - 4 potions of magic
 k - 5 potions of curing
 l - 3 potions of brilliance
 m - 4 potions of mutation
 o - 6 potions of flight
 q - a potion of haste
 s - a potion of ambrosia
 A - a potion of cancellation {unknown}
 B - a potion of heal wounds
 E - 3 potions of might
 G - a potion of lignification
 I - a potion of attraction {unknown}
Miscellaneous
 C - a lightning rod (4/4)


   Skills:
 + Level 10.2 Fighting
 + Level 11.1 Dodging
 - Level 2.6 Stealth
 + Level 13.9 Unarmed Combat
 + Level 7.7 Invocations
 + Level 2.1 Evocations


You had 10 spell levels left.
You didn't know any spells.
Your spell library contained the following spells:

 Spells                   Type           Power      Damage    Failure   Level
 Blade Hands              Tmut           0%         N/A       100%        5
 Iron Shot                Conj/Erth      0%         9d1       100%        6
 Portal Projectile        Hex/Tloc       Unusable   N/A       N/A         3
 Tukima's Dance           Hex            Unusable   N/A       N/A         3
 Animate Armour           Summ/Erth      Unusable   N/A       N/A         4

Dungeon Overview and Level Annotations

Branches:
Dungeon (9/15)             Temple (1/1) D:5            Lair (3/5) D:8
 Spider (0/4) Lair:3        Sewer (visited)          Bailey (visited)
  Swamp: Lair:2-3    Shoals: Lair:2-3       Orc: D:9-12

Altars:
Ashenzari
Cheibriados
Dithmenos
Elyvilon
Fedhas
Gozag
Hepliaklqana
Kikubaaqudgha
Makhleb
Okawaru
Qazlal
Ru
Uskayaw
Wu Jian
Xom
Yredelemnul
Zin
The Shining One

Shops:
D:3 ?   D:4 [

Annotations:
D:7 3 runed translucent doors, confidenceinterval's ghost, novice TeHu


Innate Abilities, Weirdness & Mutations

You have sharp claws.
You have razor-sharp teeth.
You have supernaturally acute eyesight. (SInv)
You cover ground quickly. (Speed+)
You are covered in thick fur. (AC +2)
Your paws help you pounce on unaware monsters.
You are incapable of wielding weapons or throwing items.
You cannot wear armour.
You gain extra lives every three experience levels.
You are partially covered in iridescent scales. (AC +2)
Your mind is acute. (Int +4, Str/Dex -1)
You are strong-willed. (Will+)
Your spells are a little easier to cast, but a little less powerful.


Message History

The culicivora completely misses you. The yak barely misses you.
The culicivora attacks as you move away!
The culicivora completely misses you. x2
You see here a yak corpse.
The culicivora attacks as you move away!
The culicivora completely misses you.
You completely miss the culicivora. You bite the culicivora.
The culicivora is lightly wounded.
The culicivora closely misses you.
You claw the culicivora!
The culicivora is heavily wounded.
The culicivora closely misses you.
You miss the culicivora.
The culicivora is heavily wounded.
The culicivora bites you!!
* * * LOW HITPOINT WARNING * * *
The culicivora draws strength from your injuries!
The culicivora attacks as you move away!
The culicivora closely misses you. x2
The culicivora attacks as you move away!
The culicivora misses you.
The culicivora attacks as you move away!
The culicivora completely misses you.
You feel much better. The culicivora completely misses you.
The yak completely misses you. The culicivora bites you!
* * * LOW HITPOINT WARNING * * *
The culicivora draws strength from your injuries!
The culicivora attacks as you move away!
The culicivora barely misses you. The culicivora closely misses you.
The culicivora attacks as you move away!
The culicivora bites you but does no damage.
The culicivora attacks as you move away!
The culicivora bites you.
* * * LOW HITPOINT WARNING * * *
The culicivora draws strength from your injuries!
You mangle the culicivora!! Your claw misses the culicivora.
The culicivora is severely wounded.
The culicivora bites you!!
You die...

..#..##.....# #..
##..##..>...# #....
#.#.###.....#######......
.#.#.#.......#..#........
..#†....##.....##.........
...#....####Y.............
#.#†.####
#.#.............. ##^.##
#####s........... ..#..#
##@.......... .....#
#.......... †...†#
#.......... #....#
###....##. ##.### #....##
## ##....# #.#^.## ##....#
######## ##...###P#.#..##


You could see a culicivora and a yak.

Vanquished Creatures
  Gastronok (Lair:1)
  A hydra (Lair:2)
  A two-headed ogre (D:9)
  Nergalle (Lair:1)
  A wizard (D:9)
  A manticore (D:9)
  2 black mambas (Lair:1)
  A kobold demonologist (D:9)
  A cane toad (Lair:2)
  5 komodo dragons
  A troll (D:9)
  A hornet (D:9)
  Grinder (D:6)
  A slime creature (D:9)
  A wraith (D:9)
  A shadow (D:9)
  2 wyverns
  2 culicivoras (Lair:3)
  A steam dragon (D:9)
  26 yaks
  2 basilisks (D:8)
  An acid dragon (D:8)
  7 water moccasins
  6 orc warriors
  An ice beast (D:8)
  2 sky beasts
  3 black bears
  9 wolves
  2 ogres
  3 centaurs
  A phantom (D:5)
  2 kobold brigands
  7 bullfrogs
  2 scorpions
  2 necrophages (D:6)
  4 wights (D:7)
  5 killer bees (D:9)
  3 howler monkeys
  4 electric eels (D:9)
  3 orc priests
  3 jellies
  2 hounds (D:5)
  4 iguanas
  9 orc wizards
  4 gnolls (D:2)
  9 adders
  2 river rats (Sewer)
  A white imp (D:6)
  An ufetubus (D:6)
  2 worms (D:3)
  2 dart slugs
  25 orcs
  7 endoplasms
  7 giant cockroaches
  10 hobgoblins
  4 jackals (D:4)
  23 kobolds
  5 quokkas
  14 ball pythons
  2 bats
  7 frilled lizards
  10 goblins
  36 rats
310 creatures vanquished.

Vanquished Creatures (others)
  A human (D:6)
  11 fungi
  69 plants
81 creatures vanquished.

Grand Total: 391 creatures vanquished

Notes
Turn   | Place    | Note
-------+----------+-------------------------------------------
     0 | D:1      | KleinerIrrer the Felid Monk began the quest for the Orb.
     0 | D:1      | Reached XP level 1. HP: 10/10 MP: 2/2
   198 | D:1      | Reached XP level 2. HP: 11/14 MP: 3/3
   361 | D:1      | Reached skill level 4 in Unarmed Combat
   769 | D:2      | Reached XP level 3. HP: 17/17 MP: 4/4
   894 | D:2      | Reached XP level 4. HP: 11/21 MP: 2/5
  1603 | D:3      | Found Ytsegh's Magic Scroll Shoppe.
  1617 | D:3      | Bought a scroll of teleportation for 39 gold pieces
  1617 | D:3      | Bought a scroll of poison for 52 gold pieces
  1674 | D:3      | Found a hide-covered altar of Uskayaw.
  1674 | D:3      | Found a glowing silver altar of Zin.
  1830 | D:3      | Found a burning altar of Makhleb.
  2069 | D:3      | Found a faded altar of an unknown god.
  2391 | D:4      | Noticed a scorpion
  2408 | D:4      | Killed a scorpion
  2409 | D:4      | Reached XP level 5. HP: 19/25 MP: 6/6
  2434 | D:4      | Noticed an ogre
  2541 | D:4      | Reached skill level 5 in Unarmed Combat
  2691 | D:4      | Killed an ogre
  2692 | D:4      | Reached skill level 5 in Dodging
  2692 | D:4      | Gained mutation: You are covered in thick fur. (AC +2)
                  | [Felid growth]
  2692 | D:4      | Reached XP level 6. HP: 29/29 MP: 7/7
  2960 | D:4      | Found Ceiderin's Armour Boutique.
  3223 | D:5      | Entered Level 5 of the Dungeon
  3242 | D:5      | Found a staircase to the Ecumenical Temple.
  3255 | Temple   | Entered the Ecumenical Temple
  3371 | Temple   | Became a worshipper of Warmaster Okawaru
  3371 | Temple   | Reached * piety under Okawaru
  3371 | Temple   | Reached ** piety under Okawaru
  3628 | D:5      | Noticed a water moccasin
  3736 | D:4      | Killed a water moccasin
  3737 | D:4      | Reached skill level 6 in Unarmed Combat
  3980 | D:5      | Found a glowing drain.
  3984 | Sewer    | Entered a sewer
  4014 | Sewer    | Reached XP level 7. HP: 32/33 MP: 6/8
  4282 | Sewer    | Reached skill level 5 in Fighting
  4374 | Sewer    | HP: 1/49 [frozen (3)]
  4377 | Sewer    | Slain by a bullfrog
  4378 | Sewer    | Reached XP level 6. HP: -5/45 MP: 0/7
  4443 | Sewer    | Reached *** piety under Okawaru
  4709 | D:5      | Reached skill level 7 in Unarmed Combat
  4956 | D:5      | Reached XP level 7. HP: 25/33 MP: 5/8
  5089 | D:6      | Found an ancient bone altar of Kikubaaqudgha.
  5090 | D:6      | Noticed a human
  5095 | D:6      | Killed a human
  5227 | D:6      | Found a shimmering altar of Xom.
  5227 | D:6      | Found an ornate altar of the Wu Jian Council.
  5228 | D:6      | Found a blossoming altar of Fedhas.
  5517 | D:6      | Reached skill level 8 in Unarmed Combat
  5542 | D:6      | Reached **** piety under Okawaru
  5545 | D:6      | Reached XP level 8. HP: 38/38 MP: 9/9
  5564 | D:6      | Noticed Grinder
  5595 | D:6      | Killed Grinder
  6116 | D:7      | Reached skill level 9 in Unarmed Combat
  6152 | D:7      | Found a runed translucent gate.
  6153 | D:7      | Found a runed translucent gate.
  6153 | D:7      | Noticed confidenceinterval's ghost (novice TeHu)
  6156 | D:7      | Found a runed translucent gate.
  6701 | D:7      | Reached skill level 10 in Unarmed Combat
  7133 | D:7      | Reached XP level 9. HP: 43/43 MP: 10/10
  7399 | D:8      | Reached ***** piety under Okawaru
  7416 | D:8      | Found a flagged portal.
  7423 | Bailey   | Entered a bailey
  7598 | Bailey   | Noticed an orc knight
  7816 | D:8      | Gained mutation: Your mind is acute. (Int +4, Str/Dex -1)
                  | [potion of mutation]
  7816 | D:8      | Gained mutation: Your spells are a little easier to cast,
                  | but a little less powerful. [potion of mutation]
  7816 | D:8      | Gained mutation: You are strong-willed. (Will+) [potion of
                  | mutation]
  7816 | D:8      | Gained mutation: You are partially covered in iridescent
                  | scales. (AC +2) [potion of mutation]
  8372 | D:8      | Found the macabre finger necklace {Finger+ rN+}
  8397 | D:8      | Reached skill level 11 in Unarmed Combat
  8515 | D:8      | Noticed a komodo dragon
  8527 | D:8      | Killed a komodo dragon
  8550 | D:8      | Noticed a komodo dragon
  8905 | D:8      | Killed a komodo dragon
  8954 | D:8      | Found a staircase to the Lair.
  8969 | D:8      | Noticed a komodo dragon
  8976 | D:8      | Killed a komodo dragon
  8977 | D:8      | Reached XP level 10. HP: 27/49 MP: 11/11
  9316 | D:9      | Reached skill level 1 in Invocations
  9704 | D:9      | Noticed a manticore
  9719 | D:9      | Noticed a wizard
 10111 | D:9      | Reached skill level 12 in Unarmed Combat
 10156 | D:9      | Killed from afar by an electric eel
 10157 | D:9      | Reached XP level 9. HP: -1/45 MP: 12/12
 10209 | D:9      | Reached ****** piety under Okawaru
 10219 | D:9      | Noticed a hellwing
 10224 | D:9      | Killed a kobold demonologist
 10436 | D:9      | Killed a manticore
 10437 | D:9      | Reached XP level 10. HP: 49/49 MP: 12/14
 10748 | D:9      | Found a stormy altar of Qazlal.
 10795 | D:9      | Noticed a two-headed ogre
 10808 | D:9      | Killed a two-headed ogre
 10962 | D:9      | Killed a wizard
 11162 | Lair:1   | Entered Level 1 of the Lair of Beasts
 11228 | Lair:1   | Reached skill level 5 in Invocations
 11268 | Lair:1   | Noticed Nergalle
 11284 | Lair:1   | Killed Nergalle
 11397 | Lair:1   | Noticed a black mamba
 11402 | Lair:1   | Killed a black mamba
 11595 | Lair:1   | Found an iron altar of Okawaru.
 11980 | Lair:1   | Noticed Gastronok
 12040 | Lair:1   | Killed Gastronok
 12041 | Lair:1   | Reached skill level 10 in Dodging
 12041 | Lair:1   | Reached skill level 13 in Unarmed Combat
 12041 | Lair:1   | Reached XP level 11. HP: 14/54 MP: 16/16
 12952 | Lair:2   | Noticed a seven-headed hydra
 13149 | Lair:2   | HP: 1/54 [seven-headed hydra (7)]
 13149 | Lair:2   | Slain by a seven-headed hydra
 13150 | Lair:2   | Reached XP level 10. HP: 0/51 MP: 15/15
 13150 | Lair:2   | Noticed a cane toad
 13151 | Lair:2   | Killed a seven-headed hydra
 13159 | Lair:2   | Killed a cane toad
 13524 | Lair:1   | Reached skill level 10 in Fighting
 13648 | Lair:2   | Found a white marble altar of Elyvilon.
 14159 | Lair:2   | Reached skill level 1 in Evocations
 14159 | Lair:2   | Reached XP level 11. HP: 54/54 MP: 17/17
 14813 | Lair:3   | Found a hole to the Spider Nest.
 14835 | Lair:3   | HP: 2/54 [culicivora (20)]
 14848 | Lair:3   | Mangled by a culicivora

Illustrated notes

Levels and vault maps discovered:
D:1:      minmay_arrival_three_doors, layout_loops_cross
D:2:      minmay_chambers_of_ones, layout_loops_ring
D:3:      layout_rooms, mainiacjoe_overflow_catwalk,
          mainiacjoe_overflow_divided_tiny,
          dreamdust_ecumenical_altar_angels_and_demons, serial_shops, shop,
          reono_crystal_passage
D:4:      layout_basic, serial_shops, nicolae_shop_hallway_plus, corner_web_ring
D:5:      layout_loops_ring, minmay_temple_entry_water_ring,
          gup_sewer_entry_spiral, chequers_avenue
D:6:      layout_basic, tgw_kikubaaqudgha, gammafunk_temple_overflow_forgotten,
          uniq_grinder
D:7:      layout_loops_corners, gammafunk_ghost_nasty_kobolds,
          uniq_crazy_yiuf_cottage
D:8:      layout_loops_ring, erik_lair_dragon, enter_bailey_1
D:9:      layout_basic, serial_bayou, serial_bayou_shore_a,
          serial_bayou_shore_b, serial_bayou_lagoon_a, serial_bayou_pond_d,
          serial_bayou_crossing, minmay_ruined_shrine
Temple:   minmay_temple_curvy_loop
Lair:1:   layout_small_grid, basic_altar, nicolae_volcano_entry_s_turn,
          uniq_gastronok, uniq_nergalle
Lair:2:   layout_hall_layers, basic_altar
Lair:3:   layout_hall_layers, nicolae_swamp_entry_spooky,
          hellmonk_spider_entry_life_and_decay

Skill      XL: |  1  2  3  4  5  6  7  8  9 10 11 |
---------------+----------------------------------+-----
Unarmed Combat | 4 5 7 8 10 11 13 | 13.9
Fighting       | 4 6 7 9 10 | 10.2
Dodging        | 5 6 8 10 11 | 11.1
Invocations    | 4 7 |  7.7
Evocations     | 1 2 |  2.1
Stealth        | |  2.6

Action                     |  1- 3 |  4- 6 |  7- 9 | 10-12 || total
---------------------------+-------+-------+-------+-------++-------
  Melee: Unarmed           |    74 |   214 |   504 |   389 ||  1181
         Bite              |     7 |    21 |    64 |    53 ||   145
         Punch             |     4 |     5 |    28 |    35 ||    72
 Invoke: Heroism           |       |       |       |     3 ||     3
  Evoke: Wand              |       |       |       |     2 ||     2
    Use: Potion            |       |     4 |     4 |     1 ||     9
         Scroll            |       |     5 |    10 |     9 ||    24
   Stab: Sleeping          |     4 |     8 |     4 |     2 ||    18
         Fleeing           |       |       |     1 |     1 ||     2
         Distracted        |       |       |     1 |       ||     1
 Armour: Skin              |     3 |    30 |    72 |    26 ||   131
  Dodge: Dodged            |    39 |   158 |   485 |   390 ||  1072

Table legend: (Time is in decaauts)
 A = Elapsed time spent in this place.
 B = Non-inter-level travel time spent in this place.
 C = Inter-level travel time spent in this place.
 D = Time resting spent in this place.
 E = Time spent auto-exploring this place.
 F = Levels seen in this place.
 G = Mean time per level.
                   A        B        C        D        E       F      G
               +--------+--------+--------+--------+--------+-----+--------+
         Total |  12834 |  11321 |   1513 |   2037 |   6498 |  15 |  855.6 |
       Dungeon |   9137 |   8102 |   1035 |   1038 |   5358 |   9 | 1015.2 |
        Temple |    109 |      6 |    103 |      0 |      0 |   1 |  109.0 |
          Lair |   2775 |   2400 |    375 |    837 |    941 |   3 |  925.0 |
         Sewer |    490 |    490 |      0 |     14 |    195 |   1 |  490.0 |
        Bailey |    321 |    321 |      0 |    148 |      4 |   1 |  321.0 |
               +--------+--------+--------+--------+--------+-----+--------+

Top non-repeatable levels by time:
  Lair:1: 1727 daAuts
     D:9: 1707 daAuts
     D:8: 1699 daAuts
     D:4: 1001 daAuts
     D:6: 992 daAuts
     D:7: 926 daAuts
  Lair:2: 907 daAuts
     D:5: 904 daAuts
     D:2: 699 daAuts
     D:1: 606 daAuts
     D:3: 599 daAuts
   Sewer: 490 daAuts
  Bailey: 321 daAuts
  Lair:3: 140 daAuts
  Temple: 109 daAuts
